 Dungeon Crawl Stone Soup version 0.15-a0-90-g85a0ca6 (webtiles) character file.

152 Sabsy the Skirmisher (level 3, 0/33 HPs)
             Began as a Minotaur Chaos Knight on Apr 8, 2014.
             Was a Plaything of Xom.
             Slain by an orc priest
             ... wielding a +0,+0 flail
              (4 damage)
             ... on Level 3 of the Dungeon.
             The game lasted 00:04:51 (1430 turns).

Sabsy the Skirmisher (Minotaur Chaos Knight)        Turns: 1430, Time: 00:04:51

HP   0/33        AC  5     Str 17      XL: 3   Next: 21%
MP   2/2         EV 11     Int  9      God: Xom
Gold 115         SH  0     Dex  9      Spells:  0 memorised,  2 levels left

rFire  . . .     SeeInvis +     a - +0 spear (chaos)
rCold  . . .     Clarity  .     b - +2 leather armour
rNeg   . . .     Conserve .     (no shield)
rPois  .         rCorr    .     (helmet restricted)
rElec  .         rRot     .     (no cloak)
SustAb . .       Spirit   .     (no gloves)
rMut   .         Warding  .     (no boots)
Saprov . . .     Stasis   .     (no amulet)
MR     .....                    (no ring)
                                l - ring of see invisible

@: not resistant to hostile enchantments, very unstealthy
A: retaliatory headbutt, horns 2
a: Renounce Religion


You were on level 3 of the Dungeon.
You worshipped Xom.
You were a toy of Xom.
You were not hungry.

You visited 1 branch of the dungeon, and saw 3 of its levels.

You collected 115 gold pieces.

Inventory:

Hand weapons
 a - a +0,+0 spear of chaos (weapon)
Armour
 b - a +2 leather armour (worn)
Comestibles
 h - a pear
 q - an apricot
 r - an apple
Scrolls
 c - a scroll of enchant weapon II {unknown}
 d - 3 scrolls of remove curse {unknown}
 i - a scroll of noise {unknown}
 j - 2 scrolls of teleportation {unknown}
 m - a scroll of identify {unknown}
 n - a scroll of amnesia {unknown}
 p - a scroll of magic mapping {unknown}
 t - a scroll of fog {unknown}
Jewellery
 l - a ring of see invisible (left hand)
Potions
 e - 3 potions of curing {unknown}
 f - a potion of resistance {unknown}
 g - a potion of heal wounds {unknown}
 k - 2 potions of restore abilities {unknown}
 o - a potion of magic {unknown}
 s - a potion of porridge


   Skills:
 + Level 4.1 Fighting
 + Level 4.1 Polearms
 + Level 3.0 Armour
 + Level 2.0 Dodging


You had 2 spell levels left.
You didn't know any spells.

Dungeon Overview and Level Annotations

Branches:
Dungeon (3/15)

Altars:
Elyvilon
Zin
The Shining One


Innate Abilities, Weirdness & Mutations

You reflexively headbutt those who attack you in melee.
You have a pair of horns on your head.


Message History

Cornered, the orc wizard turns to fight!
You hit the orc wizard but do no damage.
The orc wizard is poisoned.
Cornered, the orc priest turns to fight!
The orc wizard hits you but does no damage.
The orc wizard points at you and mumbles some strange words.
The puff of flame hits you!
You hit the orc wizard but do no damage.
The orc wizard is lightly wounded.
The orc priest calls down the wrath of Beogh upon you.
Pain shoots through your body!
The orc wizard hits you but does no damage.
The orc wizard gestures at you while chanting.
The puff of frost hits you!
* * * LOW HITPOINT WARNING * * *
You don't know any spells.
The orc wizard hits you but does no damage.
The orc priest hits you with a flail.
You die...
Xom thinks this is hilarious! o

## ..# .#.....
##o#... . # #....
...
....##.#.o#...#.#
........@.......#
.....#.#o.......#
# # .........
....###.## ######
..


You could see 2 orc priests and 2 orc wizards.

Vanquished Creatures
  A worm (D:2)
  2 giant geckos
  2 giant cockroaches
  6 goblins
  3 hobgoblins
  A ball python (D:1)
  5 bats
  2 giant newts (D:1)
  4 kobolds
  4 rats
30 creatures vanquished.

Notes
Turn   | Place    | Note
--------------------------------------------------------------
     0 | D:1      | Sabsy, the Minotaur Chaos Knight, began the quest for the Orb.
     0 | D:1      | Reached XP level 1. HP: 19/19 MP: 1/1
   368 | D:1      | Reached XP level 2. HP: 25/27 MP: 1/1
   430 | D:1      | XOM: harmless Ice miscast
   480 | D:1      | XOM: silly message
   513 | D:1      | Reached skill level 4 in Fighting
   747 | D:2      | XOM: medium Erth miscast
   874 | D:2      | XOM: divination: detect items
  1017 | D:2      | XOM: enchant monster (good)
  1020 | D:2      | Reached XP level 3. HP: 29/33 MP: 2/2
  1233 | D:2      | XOM: harmless Necr miscast
  1358 | D:2      | Found a glowing silver altar of Zin.
  1358 | D:2      | Found a white marble altar of Elyvilon.
  1359 | D:2      | Found a glowing golden altar of the Shining One.
  1424 | D:3      | XOM: cast spell 'Cause Fear'
  1430 | D:3      | Slain by an orc priest

Action                   || total
-------------------------++-------
Melee: Spear             ||   106
 Stab: Paralysed         ||     1
